 Dungeon Crawl Stone Soup version 0.29.1-2-gbd0b4ee654 (webtiles) character file.

Game seed: 17528740519072196768

159 funnyparkerb the Magician (level 5, -11/39 HPs)
             Began as a Djinni Fire Elementalist on Nov 10, 2022.
             Killed by an exploding orc (13 damage)
             ... ignited by their inner flame
             ... on level 3 of the Dungeon.
             The game lasted 00:03:09 (3233 turns).

funnyparkerb the Magician (DjFE)                    Turns: 3233, Time: 00:03:10

Health: -11/39     AC:  2    Str:  7    XL:     5   Next: 68%
Gold:   224        EV: 12    Int: 19    God:
                   SH:  0    Dex: 13

rFire   + + .      SeeInvis .   k - +1 short sword (venom)
rCold   x . .      Faith    .   (no shield)
rNeg    . . .      Spirit   .   a - +0 robe
rPois   ∞          Reflect  .   (no helmet)
rElec   .          Harm     .   (no cloak)
rCorr   +          Rampage  .   (no gloves)
Will    .....                   (boots unavailable)
Stlth   ++........              (no amulet)
HPRegen 0.13/turn               p - ring of resist corrosion
MPRegen 0.00/turn               (no ring)

@: flying, very slightly contaminated
A: sickness immunity, fire resistance 2, cold vulnerability 1, float, innate
caster, HP casting, extra vitality 1
a: no special abilities


You were on level 3 of the Dungeon.
You visited 1 branch of the dungeon, and saw 3 of its levels.

You collected 224 gold pieces.

Inventory:

Hand Weapons
 k - a +1 short sword of venom (weapon)
Missiles
 s - 2 throwing nets
Armour
 a - a +0 robe (worn)
 m - a +0 robe
 r - a +0 ring mail of fire resistance
Jewellery
 b - a ring of ice
 p - a ring of resist corrosion (left hand)
Scrolls
 c - 2 scrolls of vulnerability {unknown}
 e - 3 scrolls of teleportation {unknown}
 f - a scroll of fog {unknown}
 h - a scroll of brand weapon {unknown}
 i - 3 scrolls of identify {unknown}
 j - a scroll of fear {unknown}
 n - a scroll of torment {unknown}
Potions
 d - a potion of degeneration {unknown}
 g - a potion of cancellation {unknown}
 l - a potion of haste {unknown}
 o - a potion of attraction {unknown}
 q - a potion of curing {unknown}
 t - a potion of heal wounds {unknown}
 u - a potion of resistance {unknown}


   Skills:
 + Level 2.5 Fighting
 - Level 2.1 Dodging
 - Level 1.5 Stealth
 * Level 4.0 Spellcasting


You couldn't memorise any spells.
You knew the following spells:

 Your Spells              Type           Power      Damage    Failure   Level
a - Foxfire               Conj/Fire      76%        2x1d7     2%          1
b - Scorch                Fire           38%        2d6       4%          2
c - Conjure Flame         Conj/Fire      19%        6-21      8%          3
d - Inner Flame           Hex/Fire       19%        N/A       8%          3
e - Flame Wave            Conj/Fire      19%        2d7       26%         4
f - Apportation           Tloc           38%        N/A       2%          1
g - Call Imp              Summ           19%        N/A       4%          2
Your spell library was empty.

Dungeon Overview and Level Annotations

Branches:
Dungeon (3/15)

Altars:
Xom


Innate Abilities, Weirdness & Mutations

You are immune to sickness and miasma.
You are immune to poison.
Your flesh is very heat resistant. (rF++)
You are vulnerable to cold. (rC-)
You float through the air rather than walking.
You learn spells naturally, not from books.
Your magical power is your life essence.
You have superior vitality. (+4 MHP)


Message History

The orc priest dies!
Your Spellcasting skill increases to level 4!
Casting: Scorch (safe; 4% risk of failure)
Confirm with . or Enter, or press ? or * to list all spells.
Flames lash the orc.
The orc is severely wounded.
The orc's fire resistance burns away.
Casting: Scorch (safe; 4% risk of failure)
Confirm with . or Enter, or press ? or * to list all spells.
Okay, then.
Casting: Scorch (safe; 4% risk of failure)
Confirm with . or Enter, or press ? or * to list all spells.
Aiming: Inner Flame (dangerous; 8% risk of failure)
Press: ? - help, Dir - move target, f - orc
Aim: an orc, wielding a +0 hand axe and wearing a +0 leather armour (severely wounded, more vulnerable to fire, ally target, chance to affect: 86%)
The orc is filled with an inner flame.
The orc hits you with a +4 whip!
Casting: Inner Flame (dangerous; 8% risk of failure)
Confirm with . or Enter, or press ? or * to list all spells.
Flames lash the orc wizard.
The orc wizard is almost dead.
The orc wizard's fire resistance burns away.
The orc wizard misses you. The orc hits you with a +4 whip.
* * * LOW HITPOINT WARNING * * *
The orc hits you with a +0 hand axe!
* * * LOW HITPOINT WARNING * * *
The orc hits your white imp with a +0 hand axe.
Your white imp gestures at the orc.
The puff of frost hits the orc.
The orc explodes!
The fiery explosion engulfs the orc wizard!!
The orc wizard is burned terribly!
You kill the orc wizard!
The fiery explosion engulfs your white imp!!!
Your white imp is burned terribly!
You kill your white imp!
Your white imp disappears in a puff of smoke!
The fiery explosion engulfs the orc!!!
You kill the orc!
The fiery explosion engulfs you! You resist.
You die...

##.###.# # .........#
#.....#### .........#
#####....# .........#
#######.##..
.......).###............
..)!..................
..§§..# #####..####
#§§..##.##.........
#)@..##.##.##..###.
#....##.##.........
#.....#.#..##..###.
.####+#.#.#<.........
........#.#..##..###.
.####.#.#.#..##..# #.
.............##..###.
.###.................
#.##.#...###..###.


There were no monsters in sight!

Vanquished Creatures
  An orc wizard (D:3)
  4 adders
  4 gnolls (D:3)
  2 worms
  A dart slug (D:3)
  An orc (D:3)
  4 ball pythons
  3 endoplasms
  2 goblins (D:3)
  5 hobgoblins
  3 jackals (D:1)
  6 kobolds
  2 quokkas
  2 bats (D:2)
  4 frilled lizards
  3 rats
47 creatures vanquished.

Vanquished Creatures (collateral kills)
  An orc priest (D:3)
  An orc (D:3)
  An endoplasm (D:3)
  A hobgoblin (D:3)
4 creatures vanquished.

Vanquished Creatures (others)
  212 foxfires
212 creatures vanquished.

Grand Total: 263 creatures vanquished

Notes
Turn   | Place    | Note
-------+----------+-------------------------------------------
     0 | D:1      | funnyparkerb the Djinni Fire Elementalist began the quest
                  | for the Orb.
     0 | D:1      | funnyparkerb set off with the following spells memorised:
                  | Foxfire, Scorch, Conjure Flame, Inner Flame, Flame Wave.
     0 | D:1      | Reached XP level 1. HP: 15/15 MP: 0/0
   375 | D:1      | Reached XP level 2. HP: 17/22 MP: 0/0
   917 | D:1      | Reached skill level 1 in Fighting
  1262 | D:2      | Reached skill level 3 in Spellcasting
  1262 | D:2      | Reached XP level 3. HP: 23/27 MP: 0/0
  1262 | D:2      | Learned a level 1 spell: Apportation
  1733 | D:2      | Found a shimmering altar of Xom.
  1870 | D:2      | Reached XP level 4. HP: 29/32 MP: 0/0
  2626 | D:3      | Reached XP level 5. HP: 24/38 MP: 0/0
  2626 | D:3      | Learned a level 2 spell: Call Imp
  3231 | D:3      | Reached skill level 4 in Spellcasting
  3233 | D:3      | Killed by an exploding orc... ignited by their inner flame

Illustrated notes

Levels and vault maps discovered:
D:1:      ncdulo_watergridlock, layout_basic
D:2:      layout_basic, basic_altar, minivault_19, kennysheep_generic_room_9
D:3:      layout_basic, lemuel_zombie_altar_yredelemnul, grunt_decor_arrowhead

Skill      XL: |  1  2  3  4  5 |
---------------+----------------+-----
Fighting       | 1 2 |  2.5
Spellcasting   | 3 4 |  4.0
Dodging        | |  2.1
Stealth        | |  1.5

Action                   |  1- 3 |  4- 6 || total
-------------------------+-------+-------++-------
 Cast: Foxfire           |    53 |    70 ||   123
       Scorch            |    14 |    10 ||    24
       Call Imp          |       |     6 ||     6
       Inner Flame       |       |     1 ||     1
Dodge: Dodged            |     2 |     1 ||     3
